 Dungeon Crawl Stone Soup version 0.28.0 (webtiles) character file.

Game seed: 10227232519540637227

81703 Amplified the Impaler (level 15, -5/131 HPs)
             Began as a Merfolk Gladiator on Feb 15, 2022.
             Was a Priest of Makhleb.
             Slain by an ironbound frostheart (14 damage)
             ... in an ice cave.
             The game lasted 01:02:38 (29708 turns).

Amplified the Impaler (Merfolk Gladiator)          Turns: 29708, Time: 01:02:38

Health: -5/131     AC: 18    Str: 15    XL:     15   Next: 71%
Magic:  24/24      EV: 19    Int:  9    God:    Makhleb [***...]
Gold:   792        SH:  5    Dex: 23    Spells: 14/14 levels left

rFire   . . .      SeeInvis .   P - +5 lajatang (speed)
rCold   + . .      Faith    .   (shield currently unavailable)
rNeg    . . .      Spirit   .   B - +2 scale mail {rPois}
rPois   +          Reflect  +   c - +1 helmet
rElec   .          Harm     .   w - +2 cloak
rCorr   .          Rampage  .   g - +2 pair of gloves
Will    +....                   q - +1 pair of boots {Stlth+}
Stlth   ++++++....              b - amulet of reflection
HPRegen 0.31/turn               u - +4 ring of slaying
MPRegen 0.19/turn               J - ring of protection from cold

@: no status effects
A: (nimble swimmer 2), mertail, agile 1
a: Renounce Religion, Minor Destruction, Lesser Servant of Makhleb


You were in an ice cave.
You worshipped Makhleb.
Makhleb was most pleased with you.
You visited 4 branches of the dungeon, and saw 24 of its levels.
You also visited: Bailey and Ice Cave.

You collected 2064 gold pieces.
You spent 1272 gold pieces at shops.

Inventory:

Hand Weapons
 d - the +3 short sword of Fedhas's Esteem {flame, rF+ rC+ Dex+4 Stlth+}
   (You took it off an orc wizard on level 11 of the Dungeon)

   It burns those it strikes, dealing additional fire damage.
   Dex:       It affects your dexterity (+4).
   rF:        It protects you from fire.
   rC:        It protects you from cold.
   Stlth:     It makes you more stealthy.
 m - a +1 longbow of freezing
 r - a +2 scimitar of flaming
 P - a +5 lajatang of speed (weapon)
 W - a +2 trident of protection
Missiles
 l - 84 poisoned darts (quivered)
 E - 6 atropa-tipped darts
Armour
 a - the +0 chain mail "Afysenk" {+Blink rElec rPois Stlth+}
   (You found it on level 9 of the Dungeon)

   rElec:     It insulates you from electricity.
   rPois:     It protects you from poison.
   +Blink:    It lets you blink.
   Stlth:     It makes you more stealthy.
 c - a +1 helmet (worn)
 g - a +2 pair of gloves (worn)
 q - a +1 pair of boots of stealth (worn)
 w - a +2 cloak (worn)
 B - a +2 scale mail of poison resistance (worn)
 T - +0 acid dragon scales
Jewellery
 b - an amulet of reflection (around neck)
 e - a ring of poison resistance
 h - a ring of willpower
 t - a ring of see invisible
 u - a +4 ring of slaying (left hand)
 D - a ring of positive energy
 I - a ring of flight
 J - a ring of protection from cold (right hand)
 N - an amulet of the acrobat
 Y - a +4 ring of slaying
Wands
 f - a wand of polymorph (11)
 n - a wand of paralysis (2)
 y - a wand of mindburst (12)
 U - a wand of flame (20)
Scrolls
 j - 10 scrolls of amnesia
 o - a scroll of acquirement
 x - 11 scrolls of identify
 A - 3 scrolls of vulnerability
 F - a scroll of enchant armour
 V - a scroll of immolation
Potions
 k - 3 potions of mutation
 z - 3 potions of cancellation
 C - a potion of ambrosia
 H - 2 potions of brilliance
Miscellaneous
 i - a piece from Xom's chessboard (15/15)
 M - a box of beasts
 R - a phantom mirror (inert)


   Skills:
 * Level 16.1 Fighting
 - Level 16.1(18.0) Polearms
 * Level 8.1(10.2) Staves
 - Level 2.0 Throwing
 - Level 1.3 Armour
 - Level 14.8 Dodging
 - Level 16.0 Stealth
 * Level 12.0 Invocations


You had 14 spell levels left.
You didn't know any spells.
Your spell library contained the following spells:

 Spells                   Type           Power      Damage    Failure   Level
 Beastly Appendage        Tmut           0%         N/A       85%         1
 Wereblood                Tmut           0%         N/A       94%         2
 Confusing Touch          Hex            0%         N/A       99%         3
 Dazzling Flash           Conj/Hex       0%         N/A       99%         3
 Frozen Ramparts          Ice            0%         1d2       99%         3
 Gell's Gravitas          Tloc           0%         N/A       99%         3
 Ozocubu's Armour         Ice            0%         N/A       99%         3
 Spider Form              Tmut/Pois      0%         N/A       99%         3
 Summon Guardian Golem    Hex/Summ       0%         N/A       99%         3
 Teleport Other           Tloc           0%         N/A       99%         3
 Hailstorm                Conj/Ice       0%         3d3       100%        4
 Ice Form                 Ice/Tmut       0%         N/A       100%        4
 Summon Ice Beast         Ice/Summ       0%         N/A       100%        4
 Agony                    Necr           0%         N/A       100%        5
 Silence                  Hex/Air        0%         N/A       100%        5
 Yara's Violent Unravell  Hex/Tmut       0%         3d3       100%        5
 Dispersal                Tloc           0%         N/A       100%        6
 Enfeeble                 Hex            0%         N/A       100%        7
 Orb of Destruction       Conj           0%         9d5       100%        7
 Ozocubu's Refrigeration  Ice            0%         4d5       100%        7
 Spellforged Servitor     Conj/Summ      0%         N/A       100%        7


Dungeon Overview and Level Annotations

Branches:
Dungeon (15/15)            Temple (1/1) D:5            Lair (6/6) D:11
 Shoals (0/4) Lair:3        Snake (0/4) Lair:2        Slime (0/5) Lair:6
    Orc (2/2) D:12         Vaults (0/5) D:14         Depths (0/4) D:15
 Bailey (visited)           IceCv (1/1)
    Elf: Orc:2

Altars:
Ashenzari
Cheibriados
Dithmenos
Elyvilon
Fedhas
Gozag
Hepliaklqana
Kikubaaqudgha
Makhleb
Nemelex Xobeh
Okawaru
Qazlal
Ru
Sif Muna
Trog
Uskayaw
Vehumet
Wu Jian
Xom
Yredelemnul
Zin
The Shining One
Jiyva

Shops:
D:2 *   D:5 :   D:13 =   Orc:1 [   Orc:2 :

Portals:
Trove: D:11 (give 2 scrolls of acquirement)

Annotations:
D:14 Josephine IceCv exclusion: orange crystal statue


Innate Abilities, Weirdness & Mutations

((You are very nimble when in or above water. (Stealth+, EV+, Speed+++)))
Your lower body shifts to a powerful aquatic tail in water.
You are agile. (Dex +2)


Message History

The polar bear looks frightened!
The ice dragon looks frightened!
The ironbound frostheart easily resists.
Unknown command.
Unknown command.
The ice encasing you melts away.
The ironbound frostheart calls freezing cold from the walls.
The frost grips you! You partially resist.
You are encased in ice.
The frost giant gestures at you while chanting.
The bolt of cold misses you.
The frost giant points at you and mumbles some strange words.
The bolt of cold hits you!! You resist.
The ironbound frostheart calls freezing cold from the walls.
The frost grips you! You partially resist.
The frost giant points at you and mumbles some strange words.
The bolt of cold misses you.
The frost giant points at you and mumbles some strange words.
The bolt of cold hits you!! You resist.
* * * LOW HITPOINT WARNING * * *
Unknown command.
The frost giant casts a spell at you.
The bolt of cold hits the frost giant.
The frost giant resists.
The bolt of cold hits you! You resist.
* * * LOW HITPOINT WARNING * * *
The frost giant points at you and mumbles some strange words.
The bolt of cold hits the frost giant!
The frost giant resists.
The bolt of cold hits you! You resist.
* * * LOW HITPOINT WARNING * * *
Unknown command.
The ice encasing you melts away.
The ironbound frostheart barely misses you.
The rime drake bites you.
* * * LOW HITPOINT WARNING * * *
The frost giant casts a spell at you.
The bolt of cold hits the frost giant!
The frost giant resists.
The bolt of cold hits you. You resist.
* * * LOW HITPOINT WARNING * * *
Cornered, the rime drake turns to fight!
The ironbound frostheart touches you!
You die...

≈≈## ### ≈≈≈# ≈≈≈# #
≈≈############
#.##.........##
##...........C###
#.......###..C..##
...#......##...C.###
...#.......#..up@..#
...##.....##...k....#
#...###..##........##
###...####p......k##
##...C........###
####..D......#
######... ###


You could see 3 frost giants, an ice dragon (fleeing), a white ugly thing, 2
ironbound frosthearts and 2 rime drakes.

Vanquished Creatures
  2 ice dragons (IceCv)
  6 boulder beetles
  An ironbound frostheart (IceCv)
  Erica (Lair:2)
  5 hydras
  2 centaur warriors (D:13)
  A two-headed ogre (D:11)
  10 death yaks
  Urug (D:13)
  A deep elf knight (D:14)
  A harpy (D:12)
  2 deep elf pyromancers
  7 lindwurms
  2 orc knights (Orc:1)
  A wizard (D:14)
  2 cyclopes
  6 ugly things
  9 elephants
  2 centaur zombies (D:11)
  2 manticores
  7 black mambas
  Maurice (D:8)
  Maggie (Lair:2)
  3 gargoyles
  18 cane toads
  3 rime drakes
  5 komodo dragons
  2 freezing wraiths
  2 tyrant leeches (Lair:6)
  A troll (D:12)
  A hornet (D:8)
  Prince Ribbit (D:7)
  4 polar bears
  7 slime creatures
  4 dream sheep
  23 blink frogs
  The ghost of feta the Twirler, an amateur GrGl (D:6)
  2 jumping spiders (Lair:2)
  Sigmund (D:2)
  2 wraiths
  A shadow (D:11)
  A wyvern (Lair:4)
  43 yaks
  A steam dragon (D:9)
  5 basilisks
  8 vampire mosquitoes
  A redback (Lair:2)
  A golden eye (Lair:5)
  2 acid dragons (D:10)
  3 swamp worms (D:10)
  3 nagas (Lair:2)
  8 water moccasins
  8 orc warriors
  A sky beast (D:7)
  A black bear (D:11)
  8 wolves
  10 centaurs
  2 ogres
  13 kobold brigands
  Blork the orc (D:4)
  14 bullfrogs
  4 scorpions
  A wyvern zombie (D:8)
  A gnoll sergeant (Orc:1)
  A water moccasin skeleton (D:5)
  11 killer bees
  A howler monkey (D:3)
  4 electric eels
  4 lava snakes (Lair:2)
  4 bullfrog zombies
  A jelly (D:6)
  4 hounds
  9 orc priests
  A bullfrog skeleton (D:6)
  Crazy Yiuf (D:7)
  4 iguanas
  10 orc wizards
  A hound zombie (D:5)
  6 gnolls
  6 adders
  A shadow imp (D:8)
  2 white imps
  3 ufetubi
  7 dart slugs (D:6)
  46 orcs
  5 endoplasms
  4 giant cockroaches (D:4)
  5 goblins
  6 hobgoblins
  4 jackals (D:1)
  17 kobolds
  7 quokkas
  13 ball pythons
  5 bats
  4 frilled lizards
  A rat (D:3)
492 creatures vanquished.

Vanquished Creatures (collateral kills)
  A boulder beetle (D:15)
  Fannar (Lair:2)
  2 hydras
  A death yak (Lair:5)
  A goliath frog (Lair:6)
  6 elephants (Lair:4)
  2 rime drakes (IceCv)
  3 komodo dragons
  3 freezing wraiths (D:12)
  A polar bear (IceCv)
  A tyrant leech (Lair:6)
  3 dream sheep (Lair:6)
  8 blink frogs
  A basilisk (Lair:4)
  11 yaks
  A warg (Orc:1)
  A naga (Lair:2)
  A water moccasin (Lair:5)
  An ogre (Orc:1)
  3 killer bees
  An orc priest (Orc:1)
  An orc (Orc:1)
54 creatures vanquished.

Vanquished Creatures (others)
  A manticore (D:15)
  A yak (D:11)
  A swamp worm (D:10)
  3 killer bees
  2 bushes
  46 fungi
  101 plants
155 creatures vanquished.

Grand Total: 701 creatures vanquished

Notes
Turn   | Place    | Note
-------+----------+-------------------------------------------
     0 | D:1      | Amplified the Merfolk Gladiator began the quest for the
                  | Orb.
     0 | D:1      | Reached XP level 1. HP: 16/16 MP: 1/1
   137 | D:1      | Reached XP level 2. HP: 21/23 MP: 2/2
   145 | D:1      | Reached skill level 1 in Stealth
   403 | D:1      | Reached XP level 3. HP: 27/28 MP: 3/3
   948 | D:2      | Noticed Sigmund
  1209 | D:2      | Found Baek's General Store.
  1224 | D:2      | Bought a scroll of teleportation for 39 gold pieces
  1230 | D:2      | Reached skill level 5 in Polearms
  1630 | D:3      | Reached XP level 4. HP: 11/34 MP: 4/4
  2555 | D:3      | Reached skill level 5 in Dodging
  2555 | D:3      | Reached XP level 5. HP: 34/41 MP: 5/5
  2949 | D:5      | Entered Level 5 of the Dungeon
  2995 | D:5      | Noticed an ogre
  3084 | D:4      | Reached XP level 6. HP: 48/48 MP: 6/6
  3335 | D:4      | Identified a scroll of acquirement
  3335 | D:4      | Acquired a manual of Stealth
  3546 | D:4      | Noticed Blork the orc
  3558 | D:4      | Killed Blork the orc
  3710 | D:2      | Killed Sigmund
  3711 | D:2      | Reached skill level 5 in Stealth
  3711 | D:2      | Reached XP level 7. HP: 50/55 MP: 7/7
  3918 | D:2      | Found a faded altar of an unknown god.
  4051 | D:5      | Found a staircase to the Ecumenical Temple.
  4066 | Temple   | Entered the Ecumenical Temple
  4228 | Temple   | Became a worshipper of Makhleb the Destroyer
  4260 | D:5      | Found Hadeits's Book Emporium.
  4474 | D:5      | Reached skill level 5 in Fighting
  4597 | D:5      | Reached XP level 8. HP: 59/62 MP: 8/8
  5745 | D:7      | Noticed Prince Ribbit
  5925 | D:7      | Found a flagged portal.
  5935 | Bailey   | Entered a bailey
  6035 | Bailey   | Reached * piety under Makhleb
  6079 | Bailey   | Noticed an orc knight
  6079 | Bailey   | Noticed an orc knight
  6487 | D:6      | Found a stormy altar of Qazlal.
  6494 | D:6      | Found a runed translucent gate.
  6495 | D:6      | Found a runed translucent gate.
  6495 | D:6      | Found a runed translucent gate.
  6539 | D:6      | Noticed feta's ghost (amateur GrGl)
  6816 | D:6      | Reached XP level 9. HP: 18/71 MP: 9/9
  8128 | D:7      | Killed Prince Ribbit
  8289 | D:7      | Reached skill level 10 in Polearms
  8456 | D:7      | Found a runed translucent door.
  8457 | D:7      | Noticed Crazy Yiuf
  8532 | D:7      | Reached skill level 10 in Stealth
  8594 | D:7      | Killed Crazy Yiuf
  8867 | D:7      | Found a hide-covered altar of Uskayaw.
  9485 | D:8      | Found an ornate altar of the Wu Jian Council.
  9619 | D:8      | Noticed Maurice
  9645 | D:8      | Reached ** piety under Makhleb
  9807 | D:8      | Found a bloodstained altar of Trog.
 10033 | D:8      | Found a glowing golden altar of the Shining One.
 10073 | D:8      | Noticed a hornet
 10265 | D:8      | Killed Maurice
 10288 | D:8      | Killed a hornet
 10289 | D:8      | Reached XP level 10. HP: 80/80 MP: 10/10
 10479 | D:8      | Reached skill level 10 in Dodging
 10867 | D:10     | Entered Level 10 of the Dungeon
 10968 | D:9      | Identified the +0 chain mail "Afysenk" {+Blink rElec rPois
                  | Stlth+}
 11870 | D:10     | Noticed a gargoyle
 11887 | D:10     | Killed a gargoyle
 12000 | D:10     | Reached XP level 11. HP: 78/89 MP: 11/11
 12393 | D:10     | Found a white marble altar of Elyvilon.
 12841 | D:11     | Noticed a boulder beetle
 12874 | D:11     | Noticed a five-headed hydra
 12896 | D:11     | Killed a five-headed hydra
 13164 | D:11     | Noticed a boulder beetle
 13277 | D:11     | Noticed a lindwurm
 13284 | D:11     | Noticed a lindwurm
 13284 | D:11     | Noticed a lindwurm
 13284 | D:11     | Noticed a lindwurm
 13292 | D:11     | Killed a lindwurm
 13292 | D:11     | Reached *** piety under Makhleb
 13302 | D:11     | Killed a lindwurm
 13317 | D:11     | Killed a lindwurm
 13318 | D:11     | Reached skill level 10 in Fighting
 13322 | D:11     | Killed a lindwurm
 13367 | D:12     | Noticed a deep elf pyromancer
 13426 | D:12     | Killed a deep elf pyromancer
 13534 | D:12     | Noticed a manticore
 13560 | D:12     | Killed a manticore
 13587 | D:12     | Noticed a skeletal warrior
 13588 | D:12     | Noticed a death knight
 13620 | D:11     | Noticed a seven-headed hydra
 13813 | D:11     | Noticed a two-headed ogre
 13817 | D:11     | Noticed a cyclops
 13936 | D:11     | Killed a cyclops
 13937 | D:11     | Reached skill level 15 in Stealth
 13979 | D:11     | Killed a boulder beetle
 13997 | D:11     | Killed a two-headed ogre
 13998 | D:11     | Reached XP level 12. HP: 89/99 MP: 12/12
 14469 | D:11     | Killed a boulder beetle
 14471 | D:11     | Identified the +3 short sword of Fedhas's Esteem {flame,
                  | rF+ rC+ Dex+4 Stlth+}
 15293 | D:11     | Found a staircase to the Lair.
 15702 | D:11     | Found a portal to a secret trove of treasure.
 15792 | Lair:1   | Entered Level 1 of the Lair of Beasts
 16385 | Lair:1   | Reached skill level 1 in Invocations
 16694 | Lair:2   | Found a runed translucent door.
 16726 | Lair:2   | Found a runed translucent gate.
 16727 | Lair:2   | Identified the -4 hat of Qazlal's Generosity {Str+2}
 16727 | Lair:2   | Noticed a boulder beetle
 16727 | Lair:2   | Noticed a boulder beetle
 16728 | Lair:2   | Found a runed translucent gate.
 16755 | Lair:2   | Found a runed translucent gate.
 16755 | Lair:2   | Found a runed translucent gate.
 16755 | Lair:2   | Found a runed translucent gate.
 16756 | Lair:2   | Found a runed translucent gate.
 16858 | Lair:2   | Noticed Erica
 16908 | Lair:2   | Found a staircase to the Snake Pit.
 17155 | Lair:2   | Reached skill level 15 in Polearms
 17168 | Lair:2   | Reached **** piety under Makhleb
 17185 | Lair:2   | Noticed a four-headed hydra
 17237 | Lair:2   | Killed a four-headed hydra
 17268 | Lair:2   | Noticed Fannar
 17548 | Lair:3   | Gained mutation: You do not regenerate when monsters are
                  | visible. [potion of mutation]
 17548 | Lair:3   | Gained mutation: You are partially covered in iridescent
                  | scales. (AC +2) [potion of mutation]
 17556 | Lair:3   | Lost mutation: You do not regenerate when monsters are
                  | visible. [potion of mutation]
 17556 | Lair:3   | Lost mutation: You are partially covered in iridescent
                  | scales. (AC +2) [potion of mutation]
 17556 | Lair:3   | Gained mutation: You are agile. (Dex +2) [potion of
                  | mutation]
 17786 | Lair:3   | Found a staircase to the Shoals.
 18183 | Lair:3   | Reached XP level 13. HP: 91/107 MP: 16/16
 18452 | Lair:4   | Reached skill level 5 in Invocations
 18570 | Lair:4   | Reached skill level 1 in Armour
 19455 | Lair:5   | Noticed Sonja
 19465 | Lair:6   | Entered Level 6 of the Lair of Beasts
 19490 | Lair:6   | Found a staircase to the Slime Pits.
 19490 | Lair:6   | Found a viscous altar of Jiyva.
 19503 | Lair:6   | Reached skill level 1 in Staves
 20402 | Lair:6   | Reached XP level 14. HP: 90/118 MP: 19/19
 20817 | Lair:2   | Noticed Maggie
 20865 | Lair:2   | Killed Maggie
 20888 | Lair:2   | Killed Fannar
 22221 | D:6      | Killed feta's ghost
 22689 | Lair:2   | Reached skill level 5 in Staves
 22842 | Lair:2   | Killed Erica
 23274 | Lair:5   | Noticed Sonja
 23274 | Lair:5   | Sonja changed into Sonja the golden eye
 23276 | Lair:5   | Killed Sonja the golden eye
 23805 | Lair:5   | Reached skill level 10 in Invocations
 24929 | Lair:6   | Reached skill level 15 in Fighting
 25030 | Lair:6   | Reached XP level 15. HP: 113/129 MP: 22/22
 25762 | D:12     | Found a staircase to the Orcish Mines.
 26319 | Orc:1    | Entered Level 1 of the Orcish Mines
 26462 | Orc:1    | Found Coalit's Armour Boutique.
 26524 | Orc:1    | Bought a +1 pair of boots of stealth for 297 gold pieces
 26818 | Orc:2    | Entered Level 2 of the Orcish Mines
 26820 | Orc:2    | Found Hekeibu's Book Shop.
 26820 | Orc:2    | Noticed an orc warlord
 26956 | D:13     | Noticed Urug
 27082 | D:14     | Found a gate to the Vaults.
 27667 | D:13     | Found Qebeh's Jewellery Emporium.
 27676 | D:13     | Bought a +4 ring of slaying for 936 gold pieces
 28020 | D:13     | Killed Urug
 28668 | D:15     | Entered Level 15 of the Dungeon
 28845 | D:14     | Noticed Josephine
 28888 | D:15     | Found a staircase to the Depths.
 28945 | D:15     | Found a frozen archway.
 28955 | IceCv    | Entered an ice cave
 29361 | IceCv    | Got the Handbook of the Valley of Death
 29685 | IceCv    | Noticed a frost giant
 29698 | IceCv    | Noticed a frost giant
 29701 | IceCv    | Noticed a frost giant
 29708 | IceCv    | Slain by an ironbound frostheart

Illustrated notes

Levels and vault maps discovered:
D:1:      wander_arrival_fairy_ring, layout_basic, serial_glass,
          glass_columns_a, glass_columns_c
D:2:      layout_rooms, serial_shops, shop,
          shapermc_ecumenical_altar_mp_vishouse, uniq_sigmund
D:3:      layout_loops_corners, minmay_misc_feat_tiny
D:4:      layout_basic, uniq_blork_the_orc
D:5:      layout_layer_cave, minmay_temple_entry_proselytizer, serial_shops,
          shop, serial_bayou_pond_d
D:6:      kennysheep_slugbush, layout_basic, kennysheep_mini_moat,
          gammafunk_ghost_nasty_kobolds
D:7:      layout_basic, nicolae_uskayaw_dance_hall, enter_bailey_6,
          uniq_prince_ribbit1, uniq_crazy_yiuf_cottage
D:8:      layout_cave_pods, mainiacjoe_overflow_catch_the_wave,
          amcnicky_altar_gilded, uniq_maurice
D:9:      layout_irregular_city
D:10:     layout_irregular_city, elyvilon_altar_1, worms_lemuel
D:11:     layout_cave_pools, grunt_lair_entry_orc_guard_hut,
          nicolae_trove_entry_diagonal, minmay_lindwurm_lava
D:12:     layout_gridville, orc_0_dummy
D:13:     layout_grid_maze, serial_shops, nicolae_diamond_shop, uniq_urug
D:14:     nzn_winding_woodlands_large [nzn_winding_woodlands_5x5_perimeter,
          nzn_winding_woodlands_5x15_longhouse,
          nzn_winding_woodlands_5x5_default, nzn_winding_woodlands_center_lodge,
          nzn_winding_woodlands_15x15_killbox,
          nzn_winding_woodlands_center_triple_pond,
          nzn_winding_woodlands_5x5_three,
          nzn_winding_woodlands_5x15_concentric,
          nzn_winding_woodlands_5x5_closed_star], layout_basic, david_vaults_3,
          kennysheep_small_spiral, nicolae_splish_splash, uniq_josephine
D:15:     hangedman_depths_entry_try_elsewhere_first, layout_basic,
          nzn_wu_jian_council_hall, portal_ice_cave_entry_pillars_four
Temple:   nicolae_temple_elliptical
Lair:1:   layout_gridlike
Lair:2:   gammafunk_indiana_jones, layout_gridlike,
          minmay_snake_entry_guardpost_small, uniq_erica, uniq_maggie,
          uniq_fannar
Lair:3:   layout_concentric_octagons, shoals_dummy_entry
Lair:4:   layout_roguey, minmay_stone_trees_small, grunt_megastairs_1
Lair:5:   layout_small_grid, chequers_serial_rivers_room_a, nzn_random_ring,
          lemuel_fruit_tree, uniq_sonja
Lair:6:   minmay_lair_end_frog_pond, layout_regular_city, slime_altar_1,
          infiniplex_staircase_pool, serial_bayou_shore_b
Orc:1:    layout_diamond_mine, basic_altar, serial_shops,
          nicolae_shop_hallway_stairs, sword_in_stone
Orc:2:    grunt_orc_gardens, layout_diamond_mine, grunt_orc_garden,
          grunt_orc_garden, grunt_orc_garden, grunt_orc_garden, basic_altar
IceCv:    ice_cave_small_giant

Skill      XL: |  1  2  3  4  5  6  7  8  9 10 11 12 13 14 15 |
---------------+----------------------------------------------+-----
Stealth        | 1 2 3 5 6 8 11 13 15 16 | 16.0
Polearms       | 5 6 7 9 10 12 14 15 16 | 16.1
Fighting       | 3 4 5 6 7 9 10 11 13 15 16 | 16.1
Dodging        | 5 6 8 9 11 13 14 | 14.8
Invocations    | 4 7 10 12 | 12.0
Armour         | 1 |  1.3
Staves         | 3 6 8 |  8.1
Throwing       | |  2.0

Action                   |  1- 3 |  4- 6 |  7- 9 | 10-12 | 13-15 || total
-------------------------+-------+-------+-------+-------+-------++-------
Melee: Trident           |   110 |   168 |   150 |       |       ||   428
       Punch             |       |     3 |     3 |     2 |       ||     8
       Halberd           |       |       |   192 |   613 |   116 ||   921
       Spear             |       |       |       |    69 |       ||    69
       Short sword       |       |       |       |     6 |    12 ||    18
       Lajatang          |       |       |       |       |   975 ||   975
       Scimitar          |       |       |       |       |    22 ||    22
       Tailslap          |       |       |       |       |     6 ||     6
Throw: Throwing net      |     4 |     2 |     3 |       |     1 ||    10
       Dart              |       |     7 |    26 |    25 |    11 ||    69
Invok: Lesser Servant of |       |       |       |     9 |    56 ||    65
Evoke: Wand              |       |       |    15 |    29 |    13 ||    57
       Phantom mirror    |       |       |       |     1 |     1 ||     2
       Piece from Xom's  |       |       |       |     5 |       ||     5
  Use: Potion            |     3 |     1 |     5 |    17 |    13 ||    39
       Scroll            |     4 |     5 |     6 |    15 |    17 ||    47
 Stab: Sleeping          |     3 |     2 |    10 |    10 |    14 ||    39
       Held in net/web   |       |     1 |       |       |     1 ||     2
       Distracted        |       |       |     1 |     2 |    21 ||    24
       Petrified         |       |       |       |    13 |       ||    13
       Paralysed         |       |       |       |     4 |     4 ||     8
       Petrifying        |       |       |       |     3 |       ||     3
Armor: Leather armour    |     9 |       |       |       |       ||     9
       Ring mail         |    18 |    47 |    77 |       |       ||   142
       Scale mail        |       |       |     8 |   221 |   236 ||   465
       Skin              |       |       |       |     3 |       ||     3
Dodge: Dodged            |    64 |    78 |   163 |   438 |   694 ||  1437
Block: Other             |       |     4 |    51 |   136 |   206 ||   397
       Reflection        |       |       |     3 |     6 |    11 ||    20
